Map: Lost and Found LE

Players

ELK

  • Race: Terran Terran
  • League: Silver
  • Spawn Location: 7:00

Michael - Winner!

  • Race: Protoss Protoss
  • League: Platinum
  • Spawn Location: 1:00

VOD

Have the link to the VOD?

Description

Time

  • Played on: Oct. 13, 2018, 1:21 a.m.
  • Length: 7:42
Show
View Real Time Build Order
Export as new Build Order

ELK Terran 

Build Orders: Command Center First (CC) 

Get SALT Encoding   

  12  0:01  SCV  
  13  0:13  SCV  
  14  0:21  Supply Depot  
  14  0:25  SCV  
  15  0:35  Refinery  
  16  0:42  SCV  
  16  0:55  SCV  
  17  1:12  Command Center  
  17  1:18  SCV  
  18  1:25  Barracks  
  18  1:30  SCV  
  19  1:42  SCV  
  20  1:54  SCV  
  21  2:06  SCV  
  22  2:13  Supply Depot  
  22  2:18  SCV  
  22  2:21  Refinery  
  23  2:26  Refinery  
  23  2:30  Barracks Tech Lab  
  23  2:31  SCV  
  24  2:37  Barracks  
  24  2:39  Factory  
  24  2:41  Orbital Command  
  24  2:43  SCV  
  25  2:54  Marauder  
  27  3:03  Bunker  
  27  3:08  SCV  
  28  3:15  Orbital Command  
  28  3:16  Marauder  
  30  3:20  SCV  
  31  3:30  Supply Depot  
  31  3:34  Starport  
  31  3:51  Barracks Reactor  
  31  3:54  Armory  
  31  3:56  SCV  
  32  4:08  SCV  
  33  4:12  Engineering Bay, SCV  
  34  4:18  Combat Shields  
  34  4:20  SCV  
  35  4:24  SCV  
  36  4:32  Supply Depot  
  36  4:33  SCV  
  36  4:37  Starport Reactor  
  37  4:45  SCV  
  38  4:47  Marauder  
  38  4:48  Marine x2  
  38  4:49  Supply Depot  
  38  4:51  Supply Depot  
  42  4:55  Supply Depot  
  42  4:56  Terran Infantry Armor Level 1  
  42  4:57  SCV  
  43  5:00  Factory Tech Lab  
  43  5:06  Marine x2  
  45  5:09  Marauder  
  47  5:24  Marine x2  
  47  5:27  Refinery  
  49  5:31  Supply Depot  
  49  5:39  Liberator x2  
  49  5:42  Marine x2  
  51  5:54  Supply Depot, Marauder  
  59  5:59  Marine  
  59  6:00  Marine  
  61  6:14  Missile Turret  
  61  6:15  Marauder  
  61  6:16  Supply Depot  
  61  6:17  Marine  
  61  6:18  Marine  
  56  6:34  Siege Tank  
  56  6:36  Missile Turret  
  56  6:37  Marauder  
  56  6:39  Viking  
  43  6:58  Marauder  
  45  7:06  Siege Tank, Marine x2  
  39  7:24  Marine  
Show
View Real Time Build Order
Export as new Build Order

Michael Protoss - Winner!

Build Orders: Double Forge 

Get SALT Encoding   

  1  0:00  Probe  
  13  0:07  Probe  
  14  0:18  Pylon  
  14  0:21  Probe  
  15  0:36  Probe  
  15  0:39  Gateway  
  16  0:46  Assimilator  
  16  0:48  Probe  
  17  0:58  Probe  
  18  1:06  Probe  
  18  1:10  Gateway  
  19  1:14  Probe  
  19  1:15  Pylon  
  20  1:26  Probe  
  20  1:31  Cybernetics Core  
  21  1:38  Probe  
  22  1:49  Pylon  
  22  1:51  Zealot, Probe  
  25  1:59  Probe  
  25  2:07  Warp Gate  
  26  2:19  Zealot  
  26  2:20  Zealot  
  30  2:27  Probe  
  31  2:34  Pylon  
  31  2:39  Probe  
  32  2:45  Nexus  
  32  2:53  Zealot, Pylon  
  34  3:03  Pylon  
  34  3:09  Stargate  
  34  3:11  Probe  
  35  3:22  Assimilator  
  35  3:23  Probe  
  36  3:27  Twilight Council  
  36  3:40  Forge  
  36  3:44  Gateway  
  36  3:54  Probe  
  37  3:57  Probe  
  37  4:01  Void Ray  
  38  4:06  Probe  
  38  4:08  Charge  
  43  4:17  Probe  
  43  4:18  Probe  
  45  4:25  Probe  
  45  4:30  Probe  
  47  4:35  Gateway  
  47  4:40  Assimilator  
  47  4:42  Probe  
  47  4:43  Assimilator  
  48  4:47  Forge  
  48  4:50  Probe, Pylon  
  49  4:54  Probe  
  50  5:02  Probe  
  50  5:03  Zealot  
  50  5:04  Zealot  
  55  5:07  Void Ray  
  59  5:24  Protoss Air Armor Level 1  
  59  5:32  Zealot x3  
  65  5:48  Photon Cannon  
  65  5:49  Pylon  
  65  5:50  Gateway  
  65  5:52  Gateway  
  65  5:54  Photon Cannon  
  65  5:57  Gateway  
  65  6:04  Zealot  
  65  6:08  Zealot x3  
  73  6:14  Void Ray  
  75  6:28  Zealot x2  
  75  6:29  Zealot x2  
  71  6:52  Zealot x2  
  71  6:53  Zealot x2  
  71  7:07  Zealot x2  
  71  7:08  Zealot  
  71  7:13  Zealot  
  69  7:28  Zealot x2  
  69  7:29  Zealot x2  
Tags
 
Add a new tag
Caveats
  • Supply blocks, unpowered buildings, or Contaminate may cause inaccurate times.
  • Supply counts are checked every 10 seconds.